TOP OF THE 1ST |
Montana Pandas batting - Pitching for Seattle Aviators : LHP Bernie Sanders
|
Pitching: LHP Bernie Sanders
|
|
Batting: LHB Enrique Ortega
|
0-0: Fly out, F8 (Flyball, 8LM)
|
Batting: RHB Apu Nahasapeemapetilon
|
0-0: SINGLE (Line Drive, 9LS)
|
Batting: LHB Roberto Fierro
|
0-0: Ball 1-0: Ball 2-0: Ball 3-0: Base on Balls Apu Nahasapeemapetilon to second
|
Batting: RHB Wu-shiun Wang
|
0-0: Swinging Strike 0-1: Ball 1-1: Ball 2-1: Called Strike 2-2: Ball 3-2: Foul Ball, location: 2F 3-2: Foul Ball, location: 2F 3-2: DOUBLE (Line Drive, 78D) Apu Nahasapeemapetilon scores Roberto Fierro to third Runner from 3rd tries for Home, SAFE, no throw
|
Batting: SHB Pedro Gómez
|
0-0: Ball 1-0: Fly out, F9 (Flyball, 9LS)
|
Batting: LHB Gerald Kaufman
|
0-0: Ball 1-0: Ground out U3 (Groundball, 3L)
|
Top of the 1st over - 2 runs, 2 hits, 0 errors, 1 left on base; Montana 2 - Seattle 0 |
BOTTOM OF THE 1ST |
Seattle Aviators batting - Pitching for Montana Pandas : RHP Anatoly Ivanovich
|
Pitching: RHP Anatoly Ivanovich
|
|
Batting: RHB Enrique Ibarra
|
0-0: Foul Ball, location: 2F 0-1: Ground out 1-3 (Groundball, 13)
|
Batting: RHB José Rodríguez
|
0-0: DOUBLE (Groundball, 5L)
|
Batting: SHB Juan Torres
|
0-0: Ball 1-0: Ball 2-0: Foul Ball, location: 2F 2-1: Swinging Strike 2-2: DOUBLE (Flyball, 78D) José Rodríguez scores
|
Batting: LHB Kenny Webster
|
0-0: Ball 1-0: Called Strike 1-1: Ball 2-1: Ground out U3 (Groundball, 3L) Juan Torres to third
|
Batting: LHB Dong-jin Kim
|
0-0: Called Strike 0-1: Ball 1-1: Ball 2-1: Foul Ball, location: 2F 2-2: Ball 3-2: Foul Ball, location: 2F 3-2: Foul Ball, location: 2F 3-2: Foul Ball, location: 2F 3-2: Fly out, F3 (Line Drive, 3)
|
Bottom of the 1st over - 1 run, 2 hits, 0 errors, 1 left on base; Montana 2 - Seattle 1 |
TOP OF THE 2ND |
Montana Pandas batting - Pitching for Seattle Aviators : LHP Bernie Sanders
|
Batting: LHB Fa-tang Wang
|
0-0: Ball 1-0: SINGLE (Line Drive, 34D)
|
Batting: LHB Ned Durand
|
0-0: Ball Fa-tang Wang steals 2nd base 1-0: Called Strike Fa-tang Wang steals 3rd base 1-1: Ball Passed Ball! Fa-tang Wang scores 2-1: Foul Ball, location: 2F 2-2: Ball 3-2: Foul Ball, location: 2F 3-2: Ground out 4-3 (Groundball, 4)
|
Batting: RHB Pau Arria
|
0-0: Called Strike 0-1: Fly out, F7 (Flyball, 7)
|
Batting: LHB Enrique Ortega
|
0-0: Ball 1-0: Called Strike 1-1: Foul Ball, location: 2F 1-2: Strikes out swinging
|
Top of the 2nd over - 1 run, 1 hit, 0 errors, 0 left on base; Montana 3 - Seattle 1 |
BOTTOM OF THE 2ND |
Seattle Aviators batting - Pitching for Montana Pandas : RHP Anatoly Ivanovich
|
Batting: LHB Ignacio Martínez
|
0-0: Ball 1-0: Ground out 5-3 (Groundball, 56)
|
Batting: LHB Pedro Corona
|
0-0: Called Strike 0-1: Ground out 4-3 (Groundball, 34D)
|
Batting: RHB Bobby Christopher
|
0-0: Swinging Strike 0-1: Called Strike 0-2: Ball 1-2: Strikes out swinging
|
Bottom of the 2nd over - 0 runs, 0 hits, 0 errors, 0 left on base; Montana 3 - Seattle 1 |
TOP OF THE 3RD |
Montana Pandas batting - Pitching for Seattle Aviators : LHP Bernie Sanders
|
Batting: RHB Apu Nahasapeemapetilon
|
0-0: Ball 1-0: Ball 2-0: Swinging Strike 2-1: Called Strike 2-2: Ball 3-2: Strikes out swinging
|
Batting: LHB Roberto Fierro
|
0-0: Ball 1-0: Ball 2-0: Called Strike 2-1: Foul Ball, location: 2F 2-2: SINGLE (Line Drive, 34)
|
Batting: RHB Wu-shiun Wang
|
0-0: Ball Roberto Fierro steals 2nd base 1-0: Ball 2-0: Called Strike Roberto Fierro steals 3rd base 2-1: Foul Ball, location: 2F 2-2: Ground out 4-3 (Groundball, 34) Roberto Fierro scores
|
Batting: SHB Pedro Gómez
|
0-0: Swinging Strike 0-1: Ball 1-1: Ground out 5-3 (Groundball, 5L)
|
Top of the 3rd over - 1 run, 1 hit, 0 errors, 0 left on base; Montana 4 - Seattle 1 |
BOTTOM OF THE 3RD |
Seattle Aviators batting - Pitching for Montana Pandas : RHP Anatoly Ivanovich
|
Batting: RHB Bartolo Rosas
|
0-0: Called Strike 0-1: Ball 1-1: Foul Ball, location: 2F 1-2: Ball 2-2: Ball 3-2: Base on Balls
|
Batting: RHB Enrique Ibarra
|
0-0: Ball Bartolo Rosas is caught stealing 2nd base 1-0: Ball 2-0: Called Strike 2-1: Fly out, F9 (Flyball, 9)
|
Batting: RHB José Rodríguez
|
0-0: Ball 1-0: Ground out 6-3 (Groundball, 6)
|
Bottom of the 3rd over - 0 runs, 0 hits, 0 errors, 0 left on base; Montana 4 - Seattle 1 |
TOP OF THE 4TH |
Montana Pandas batting - Pitching for Seattle Aviators : LHP Bernie Sanders
|
Batting: LHB Gerald Kaufman
|
0-0: Called Strike 0-1: Foul Ball, location: 2F 0-2: Ball 1-2: Ground out 4-3 (Groundball, 4)
|
Batting: LHB Fa-tang Wang
|
0-0: Ball 1-0: Foul Ball, location: 2F 1-1: Ball 2-1: Swinging Strike 2-2: Ball 3-2: Base on Balls
|
Batting: LHB Ned Durand
|
0-0: Called Strike 0-1: Ball 1-1: Called Strike Fa-tang Wang steals 2nd base 1-2: Fly out, F9 (Flyball, 9)
|
Batting: RHB Pau Arria
|
0-0: Intentional Walk
|
Batting: LHB Enrique Ortega
|
0-0: Fielders Choice at 2nd, 6-4 (Groundball, 6)
|
Top of the 4th over - 0 runs, 0 hits, 0 errors, 2 left on base; Montana 4 - Seattle 1 |
BOTTOM OF THE 4TH |
Seattle Aviators batting - Pitching for Montana Pandas : RHP Anatoly Ivanovich
|
Batting: SHB Juan Torres
|
0-0: Called Strike 0-1: SOLO HOME RUN (Flyball, 9D), Distance : 390 ft
|
Batting: LHB Kenny Webster
|
0-0: Foul Ball, location: 2F 0-1: Fly out, F8 (Flyball, 8LS)
|
Batting: LHB Dong-jin Kim
|
0-0: Ball 1-0: Ground out 4-3 (Groundball, 4S)
|
Batting: LHB Ignacio Martínez
|
0-0: Ball 1-0: Ball 2-0: Ball 3-0: Base on Balls
|
Batting: LHB Pedro Corona
|
0-0: Ball 1-0: Ball 2-0: Ball 3-0: Called Strike 3-1: Swinging Strike 3-2: Base on Balls Ignacio Martínez to second
|
Batting: RHB Bobby Christopher
|
0-0: Called Strike 0-1: Ball 1-1: Called Strike 1-2: Foul Ball, location: 2F 1-2: Ground out 4-3 (Groundball, 4)
|
Bottom of the 4th over - 1 run, 1 hit, 0 errors, 2 left on base; Montana 4 - Seattle 2 |
TOP OF THE 5TH |
Montana Pandas batting - Pitching for Seattle Aviators : LHP Bernie Sanders
|
Pitching: RHP César Manoel
|
|
Batting: RHB Apu Nahasapeemapetilon
|
0-0: Foul Ball, location: 2F 0-1: Fly out, F9 (Line Drive, 89M)
|
Batting: LHB Roberto Fierro
|
0-0: Ball 1-0: Swinging Strike 1-1: Foul Ball, location: 2F 1-2: Strikes out swinging
|
Batting: RHB Wu-shiun Wang
|
0-0: Called Strike 0-1: Fly out, F9 (Line Drive, 9S)
|
Top of the 5th over - 0 runs, 0 hits, 0 errors, 0 left on base; Montana 4 - Seattle 2 |
BOTTOM OF THE 5TH |
Seattle Aviators batting - Pitching for Montana Pandas : RHP Anatoly Ivanovich
|
Pitching: RHP António Correa
|
|
Batting: RHB Bartolo Rosas
|
0-0: Ball 1-0: DOUBLE (Line Drive, 9LM)
|
Batting: RHB Enrique Ibarra
|
0-0: Ball 1-0: Fly out, F9 (Flyball, 89M) Runner from 2nd tags up, SAFE at 3rd with throw
|
Batting: RHB José Rodríguez
|
0-0: Ball 1-0: SINGLE (Groundball, 6M) Bartolo Rosas scores
|
Batting: SHB Juan Torres
|
0-0: Ball 1-0: Called Strike José Rodríguez steals 2nd base 1-1: Swinging Strike 1-2: Ground out 3-1 (Groundball, 34S) José Rodríguez to third
|
Batting: LHB Kenny Webster
|
0-0: Fly out, F8 (Flyball, 8LD)
|
Bottom of the 5th over - 1 run, 2 hits, 0 errors, 1 left on base; Montana 4 - Seattle 3 |
TOP OF THE 6TH |
Montana Pandas batting - Pitching for Seattle Aviators : RHP César Manoel
|
Batting: SHB Pedro Gómez
|
0-0: Foul Ball, location: 2F 0-1: Called Strike 0-2: Foul Ball, location: 2F 0-2: Foul Ball, location: 2F 0-2: Strikes out swinging
|
Batting: LHB Gerald Kaufman
|
0-0: Called Strike 0-1: Ball 1-1: Foul Ball, location: 2F 1-2: Ball 2-2: Ball 3-2: Foul Ball, location: 2F 3-2: Strikes out swinging
|
Batting: LHB Fa-tang Wang
|
0-0: Foul Ball, location: 2F 0-1: Ground out 4-3 (Groundball, 4)
|
Top of the 6th over - 0 runs, 0 hits, 0 errors, 0 left on base; Montana 4 - Seattle 3 |
BOTTOM OF THE 6TH |
Seattle Aviators batting - Pitching for Montana Pandas : RHP António Correa
|
Batting: LHB Dong-jin Kim
|
0-0: Ball 1-0: Called Strike 1-1: Foul Ball, location: 2F 1-2: Foul Ball, location: 2F 1-2: Foul Ball, location: 2F 1-2: Ball 2-2: Ball 3-2: Base on Balls
|
Batting: LHB Ignacio Martínez
|
0-0: Ball Wild Pitch! Dong-jin Kim to second 1-0: Ground out 6-3 (Groundball, 56)
|
Pitching: RHP Dahab Kanda
|
|
Batting: LHB Pedro Corona
|
0-0: Ball 1-0: Ball 2-0: Ground out 1-3 (Groundball, 13) Dong-jin Kim to third
|
Batting: RHB Bobby Christopher
|
0-0: Ball 1-0: Ball 2-0: Foul Ball, location: 2F 2-1: Ground out 5-3 (Groundball, 56)
|
Bottom of the 6th over - 0 runs, 0 hits, 0 errors, 1 left on base; Montana 4 - Seattle 3 |
TOP OF THE 7TH |
Montana Pandas batting - Pitching for Seattle Aviators : RHP César Manoel
|
Batting: LHB Ned Durand
|
0-0: Called Strike 0-1: Ball 1-1: Swinging Strike 1-2: Foul Ball, location: 2F 1-2: Ball 2-2: Fly out, F7 (Flyball, 7LS)
|
Batting: RHB Pau Arria
|
0-0: Ball 1-0: Fly out, F8 (Line Drive, 8LD)
|
Pinch Hitting: LHB Marlon Randall
|
0-0: Called Strike 0-1: Ball 1-1: Ball 2-1: Foul Ball, location: 2F 2-2: Ball 3-2: DOUBLE (Flyball, 8LXD)
|
Batting: RHB Apu Nahasapeemapetilon
|
0-0: Called Strike 0-1: Ball 1-1: Ball 2-1: Ground out U3 (Groundball, 3)
|
Top of the 7th over - 0 runs, 1 hit, 0 errors, 1 left on base; Montana 4 - Seattle 3 |
BOTTOM OF THE 7TH |
Seattle Aviators batting - Pitching for Montana Pandas : RHP Dahab Kanda
|
Now at SS: Miguel Cruz
|
|
Batting: RHB Bartolo Rosas
|
0-0: Ball 1-0: Swinging Strike 1-1: Called Strike 1-2: Ball 2-2: Ball 3-2: Foul Ball, location: 2F 3-2: Base on Balls
|
Pinch Hitting: RHB Byron Isaacson
|
0-0: Ball 1-0: Grounds into double play, 5-4-3 (Groundball, 56)
|
Pinch Hitting: LHB Jorge Ortíz
|
0-0: Ball 1-0: Ball 2-0: Called Strike 2-1: Foul Ball, location: 2F 2-2: Strikes out swinging
|
Bottom of the 7th over - 0 runs, 0 hits, 0 errors, 0 left on base; Montana 4 - Seattle 3 |
TOP OF THE 8TH |
Montana Pandas batting - Pitching for Seattle Aviators : RHP César Manoel
|
Now at 2B: Byron Isaacson
|
|
Now at 3B: Jorge Ortíz
|
|
Pinch Hitting: RHB Matt Sheppard
|
0-0: Foul Ball, location: 2F 0-1: Ball 1-1: Ball 2-1: Ball 3-1: Foul Ball, location: 2F 3-2: Fly out, F8 (Flyball, 8LS)
|
Pinch Hitting: LHB Arana Sashi
|
0-0: Foul Ball, location: 2F 0-1: Swinging Strike 0-2: Strikes out swinging
|
Pinch Hitting: RHB José Carlos Ramos
|
0-0: Ball 1-0: Foul Ball, location: 2F 1-1: Ball 2-1: Foul Ball, location: 2F 2-2: Fly out, F7 (Flyball, 7S)
|
Top of the 8th over - 0 runs, 0 hits, 0 errors, 0 left on base; Montana 4 - Seattle 3 |
BOTTOM OF THE 8TH |
Seattle Aviators batting - Pitching for Montana Pandas : RHP Dahab Kanda
|
Pitching: RHP Bryan Tuff
|
|
Now at 2B: Raúl Duarte
|
|
Now at 3B: Matt Sheppard
|
|
Now in LF: Arana Sashi
|
|
Batting: SHB Juan Torres
|
0-0: Swinging Strike 0-1: Ball 1-1: Fly out, F6 (Line Drive, 6)
|
Batting: LHB Kenny Webster
|
0-0: Ball 1-0: Ball 2-0: Called Strike 2-1: Foul Ball, location: 2F 2-2: Foul Ball, location: 2F 2-2: Foul Ball, location: 2F 2-2: SINGLE (Groundball, 6MD)
|
Batting: LHB Dong-jin Kim
|
0-0: Called Strike 0-1: Ball 1-1: Ball 2-1: Ball 3-1: Foul Ball, location: 2F 3-2: Foul Ball, location: 2F 3-2: Fly out, F6 (Line Drive, 4)
|
Batting: RHB Seon-keun Kim
|
0-0: Ball 1-0: Called Strike 1-1: Swinging Strike 1-2: Strikes out swinging
|
Bottom of the 8th over - 0 runs, 1 hit, 0 errors, 1 left on base; Montana 4 - Seattle 3 |
TOP OF THE 9TH |
Montana Pandas batting - Pitching for Seattle Aviators : RHP César Manoel
|
Pinch Hitting: LHB Magali Lenidas
|
0-0: Swinging Strike 0-1: Ball 1-1: SINGLE (Line Drive, 4D)
|
Pitching: RHP Drake Riley
|
|
Pinch Hitting: LHB Alfred Miles
|
0-0: Ground out 6-3 (Groundball, 4MS) Magali Lenidas to second
|
Pinch Hitting: RHB Scotty Anderson
|
0-0: Foul Ball, location: 2F 0-1: Foul Ball, location: 2F 0-2: Ball 1-2: Ball 2-2: Fly out, F3 (Line Drive, 34)
|
Batting: RHB José Cruz
|
0-0: Intentional Walk
|
Batting: RHB Miguel Cruz
|
0-0: Ball 1-0: SINGLE (Groundball, 6MD) Magali Lenidas to third José Cruz to second Runner from 3rd tries for Home, SAFE, no throw
|
Pinch Hitting: RHB Arturo Scantlebury
|
0-0: Called Strike 0-1: Ball 1-1: Foul Ball, location: 2F 1-2: Foul Ball, location: 2F 1-2: Ball 2-2: Strikes out looking
|
Top of the 9th over - 1 run, 2 hits, 0 errors, 2 left on base; Montana 5 - Seattle 3 |
BOTTOM OF THE 9TH |
Seattle Aviators batting - Pitching for Montana Pandas : RHP Bryan Tuff
|
Pitching: LHP Ilie Paunescu
|
|
Now at C: Scotty Anderson
|
|
Now at 1B: Arturo Scantlebury
|
|
Now in CF: Alfred Miles
|
|
Now in RF: Carlos Medellín
|
|
Batting: LHB Pedro Corona
|
0-0: Called Strike 0-1: Foul Ball, location: 2F 0-2: Ball 1-2: Ball 2-2: Ball 3-2: Strikes out looking
|
Batting: RHB Bobby Christopher
|
0-0: Ball 1-0: Ball 2-0: Foul Ball, location: 2F 2-1: Swinging Strike 2-2: Foul Ball, location: 2F 2-2: Strikes out swinging
|
Batting: RHB Bartolo Rosas
|
0-0: Ball 1-0: Ball 2-0: Ground out 6-3 (Groundball, 6M)
|
Bottom of the 9th over - 0 runs, 0 hits, 0 errors, 0 left on base; Montana 5 - Seattle 3 |
|